 Dungeon Sprint DCSS version 0.22.1-1-ga44c0e56f4 (webtiles) character file.

7673 MuseOD the Unseen (level 10, -4/61 (63) HPs)
             Began as a Spriggan Enchanter on Sept 30, 2018.
             Was a High Priest of Dithmenos.
             Succumbed to poison (dark miasma)
             ... in the Dungeon (Sprint III: "The Ten Rune Challenge").
             The game lasted 00:04:30 (1048 turns).

MuseOD the Unseen (Spriggan Enchanter)              Turns: 1048, Time: 00:04:31

HP:   -4/61 (63)    AC:  4    Str:  8    XL:     10   Next: 99%
MP:   27/27         EV: 30    Int: 21    God:    Dithmenos [*****.]
Gold: 48            SH:  0    Dex: 18    Spells: 19/34 levels left

rFire    . . .     SeeInvis +   a - +1 dagger
rCold    . . .     Gourm    .   (shield restricted)
rNeg     . . .     Faith    .   s - +2 robe {MR+}
rPois    .         Spirit   .   (helmet restricted)
rElec    .         Reflect  .   (no cloak)
rCorr    .         Harm     .   (gloves unavailable)
MR       ++...     NoTele   +   (boots unavailable)
Stlth    ++++++++++             (no amulet)
HPRegen  0.20/turn              (no ring)
MPRegen  0.20/turn              (no ring)

@: lethally poisoned (-4 -> -137), very slightly contaminated, slowed, wreathed
by umbra, quick
A: very small, unfitting armour, thin skeletal structure 1, see invisible,
herbivore, speed 3, robust 1, slow metabolism 2, strong 2, wild magic 1
a: Shadow Step, Shadow Form, Renounce Religion


You were in the Dungeon.
You worshipped Dithmenos.
Dithmenos was extremely pleased with you.
You were not hungry.

You visited 1 branch You collected 48 gold pieces.

Inventory:

Hand Weapons
 a - a +1 dagger (weapon)
Armour
 b - a +0 robe
 s - a +2 robe of magic resistance (worn)
Scrolls
 c - a scroll of enchant armour {unknown}
 k - a scroll of holy word {unknown}
 l - a scroll of fear {unknown}
 m - 3 scrolls of remove curse
 o - a scroll of torment {unknown}
 p - a scroll of identify {unknown}
Potions
 e - a potion of curing
 f - a potion of heal wounds
 g - a potion of haste
 h - 2 potions of magic
 i - 3 potions of berserk rage
 n - a potion of degeneration {unknown}
 q - a potion of ambrosia {unknown}
 r - a potion of might
Comestibles
 d - 4 rations


   Skills:
 + Level 9.5 Fighting
 * Level 16.4 Short Blades
 - Level 13.8 Dodging
 + Level 16.8 Stealth
 + Level 12.5 Spellcasting
 + Level 5.8 Hexes


You had 19 spell levels left.
You knew the following spells:

 Your Spells              Type           Power        Failure   Level  Hunger
a - Corona                Hex            #####..      1%          1    None
b - Ensorcelled Hibernat  Hex/Ice        ####..       4%          2    None
c - Confuse               Hex            #####...     2%          3    None
d - Tukima's Dance        Hex            #####...     2%          3    None
e - Mephitic Cloud        Conj/Pois/Air  ###.....     22%         3    None
f - Dazzling Spray        Conj/Hex       ####..       8%          3    None

Your spell library contained the following spells:

 Spells                   Type           Power        Failure   Level  Hunger
 Slow                     Hex            #####...     1%          2    None
 Magic Dart               Conj           ###.         8%          1    None
 Blink                    Tloc           N/A          12%         2    None
 Call Imp                 Summ           ###.....     12%         2    None
 Conjure Flame            Conj/Fire      ###.....     22%         3    None


Dungeon Overview and Level Annotations

Branches:
Dungeon (1/1)

Altars:
Dithmenos
Elyvilon
Kikubaaqudgha
Okawaru
Ru
Sif Muna
Trog
Uskayaw
Vehumet
Wu Jian
Yredelemnul
Zin
The Shining One
Beogh


Innate Abilities, Weirdness & Mutations

You are very small and have problems with some larger weapons.
You are too small for most types of armour.
You have supernaturally acute eyesight. (SInv)
You are a herbivore.
You cover ground extremely quickly.
You need to consume almost no food.
You have a somewhat thin skeletal structure. (Dex +2, Stealth)
You are robust. (+10% HP)
Your muscles are very strong. (Str +4)
Your spells are a little harder to cast, but a little more powerful.


Message History

Blink to where?
Press: ? - help, Dir - move target cursor You are very lightly contaminated with residual magic.
As you read the scroll of blinking, it crumbles to dust.
You are engulfed in dark miasma.
You are more poisoned.
You feel your flesh rotting away!
* * * LOW HITPOINT WARNING * * *
You feel extremely sick.
You are engulfed in dark miasma.
You are more poisoned.
* * * LOW HITPOINT WARNING * * *
x2 You feel extremely sick.
You feel much better.
You are engulfed in dark miasma.
You are more poisoned.
You feel your flesh rotting away!
* * * LOW HITPOINT WARNING * * *
You feel extremely sick.
You are engulfed in dark miasma.
You are more poisoned.
You feel your flesh rotting away!
* * * LOW HITPOINT WARNING * * *
You die...

#.....#
#≈≈≈§
#§§§..#
.≈§≈
#.§...#
##≈≈
#§§...#
§§#.§
#'#####§§§#
#§§§§§+§§§+
#§#########
#§# #@# #§#
#.# #.# #.#
#.# #.# #..


There were no monsters in sight!

Vanquished Creatures
  Harold (D)
  2 yaktaur captains (D)
  Josephine (D)
  A centaur warrior (D)
  2 unseen horrors (D)
  Joseph (D)
  A deep elf mage (D)
  A yaktaur (D)
  An orc high priest (D)
  A shadow (D)
  A necrophage (D)
  2 centaurs (D)
  An earth elemental (D)
  A scorpion (D)
  A jelly (D)
  2 orc priests (D)
  A wizard (D)
  A necromancer (D)
  3 humans (D)
  A kobold demonologist (D)
  An ooze (D)
  3 rats (D)
30 creatures vanquished.

Vanquished Creatures (others)
  2 draconian scorchers (D)
  6 hellions (D)
  A yaktaur (D)
  An orc priest (D)
  8 plants (D)
18 creatures vanquished.

Grand Total: 48 creatures vanquished

Notes
Turn   | Place    | Note
-------+----------+-------------------------------------------
     0 | D        | MuseOD the Spriggan Enchanter began the quest for the Orb.
     0 | D        | Reached XP level 1. HP: 9/9 MP: 5/5
    16 | D        | Reached skill level 1 in Fighting
    16 | D        | Reached skill level 5 in Stealth
   101 | D        | Killed a hellion
   114 | D        | Killed a hellion
   114 | D        | Killed a hellion
   115 | D        | Killed a hellion
   123 | D        | Killed a hellion
   128 | D        | Noticed a scorpion
   131 | D        | Killed a scorpion
   131 | D        | Reached skill level 5 in Short Blades
   131 | D        | Reached XP level 2. HP: 16/16 MP: 6/6
   131 | D        | Reached XP level 3. HP: 19/19 MP: 8/8
   146 | D        | Learned a level 2 spell: Ensorcelled Hibernation
   148 | D        | Reached XP level 4. HP: 17/24 MP: 4/9
   195 | D        | Killed a hellion
   207 | D        | Gained mutation: Your spells are a little easier to cast,
                  | but a little less powerful. [potion of mutation]
   207 | D        | Gained mutation: You have a pair of small horns on your
                  | head. [potion of mutation]
   208 | D        | Lost mutation: You have a pair of small horns on your head.
                  | [potion of mutation]
   208 | D        | Lost mutation: Your spells are a little easier to cast, but
                  | a little less powerful. [potion of mutation]
   208 | D        | Gained mutation: You have large cloven feet. [potion of
                  | mutation]
   208 | D        | Gained mutation: Your body sometimes deteriorates upon
                  | taking damage. [potion of mutation]
   208 | D        | Gained mutation: Your magical capacity is low. (-10% MP)
                  | [potion of mutation]
   208 | D        | Gained mutation: You have a somewhat thin skeletal
                  | structure. (Dex +2, Stealth) [potion of mutation]
   209 | D        | Lost mutation: Your magical capacity is low. (-10% MP)
                  | [potion of mutation]
   209 | D        | Lost mutation: You have large cloven feet. [potion of
                  | mutation]
   209 | D        | Gained mutation: You tend to lose your temper in combat.
                  | [potion of mutation]
   209 | D        | Gained mutation: You are partially covered in thin metallic
                  | scales. (AC +2) [potion of mutation]
   210 | D        | Lost mutation: Your body sometimes deteriorates upon taking
                  | damage. [potion of mutation]
   210 | D        | Lost mutation: You are partially covered in thin metallic
                  | scales. (AC +2) [potion of mutation]
   210 | D        | Lost mutation: You tend to lose your temper in combat.
                  | [potion of mutation]
   210 | D        | Gained mutation: Your muscles are strong. (Str +2) [potion
                  | of mutation]
   210 | D        | Gained mutation: Your muscles are very strong. (Str +4)
                  | [potion of mutation]
   210 | D        | Gained mutation: Your spells are a little harder to cast,
                  | but a little more powerful. [potion of mutation]
   210 | D        | Gained mutation: You are robust. (+10% HP) [potion of
                  | mutation]
   213 | D        | Killed a white draconian scorcher
   264 | D        | Noticed a water elemental
   284 | D        | Killed a white draconian scorcher
   287 | D        | Found a basalt altar of Yredelemnul.
   287 | D        | Found a shadowy altar of Dithmenos.
   287 | D        | Found a sacrificial altar of Ru.
   287 | D        | Noticed a necrophage
   289 | D        | Killed a necrophage
   289 | D        | Reached XP level 5. HP: 31/31 MP: 9/12
   290 | D        | Reached skill level 5 in Dodging
   294 | D        | Became a worshipper of Dithmenos the Shadowed
   313 | D        | Killed a yaktaur
   319 | D        | Found a glowing silver altar of Zin.
   319 | D        | Found a glowing golden altar of the Shining One.
   319 | D        | Found a white marble altar of Elyvilon.
   319 | D        | Noticed a deep elf mage
   322 | D        | Killed a deep elf mage
   322 | D        | Reached skill level 5 in Fighting
   322 | D        | Reached skill level 10 in Short Blades
   322 | D        | Reached XP level 6. HP: 39/39 MP: 12/16
   322 | D        | Reached XP level 7. HP: 42/42 MP: 13/18
   356 | D        | Found a hide-covered altar of Uskayaw.
   356 | D        | Found a roughly hewn altar of Beogh.
   356 | D        | Found an iron altar of Okawaru.
   356 | D        | Found a bloodstained altar of Trog.
   356 | D        | Found an ornate altar of the Wu Jian Council.
   356 | D        | Noticed a human
   356 | D        | Noticed a human
   359 | D        | Killed a human
   360 | D        | Killed a human
   360 | D        | Reached * piety under Dithmenos
   373 | D        | Found a radiant altar of Vehumet.
   373 | D        | Found a deep blue altar of Sif Muna.
   373 | D        | Found an ancient bone altar of Kikubaaqudgha.
   389 | D        | Learned a level 3 spell: Dazzling Spray
   393 | D        | Learned a level 3 spell: Tukima's Dance
   397 | D        | Learned a level 3 spell: Mephitic Cloud
   408 | D        | Noticed a shadow
   410 | D        | Killed a shadow
   410 | D        | Reached ** piety under Dithmenos
   410 | D        | Reached XP level 8. HP: 49/49 MP: 21/21
   474 | D        | Noticed Josephine
   477 | D        | Killed Josephine
   571 | D        | Noticed a centaur warrior
   573 | D        | Reached *** piety under Dithmenos
   573 | D        | Reached XP level 9. HP: 55/55 MP: 23/23
   575 | D        | Killed a centaur warrior
   575 | D        | Reached skill level 10 in Spellcasting
   585 | D        | Noticed an unseen horror
   585 | D        | Noticed an unseen horror
   586 | D        | Killed an unseen horror
   588 | D        | Killed an unseen horror
   588 | D        | Reached **** piety under Dithmenos
   591 | D        | Noticed Harold
   591 | D        | Noticed Joseph
   594 | D        | Killed Joseph
   594 | D        | Reached skill level 15 in Stealth
   594 | D        | Reached XP level 10. HP: 58/62 MP: 20/26
   596 | D        | Killed Harold
   596 | D        | Reached skill level 15 in Short Blades
   619 | D        | Noticed a yaktaur captain
   619 | D        | Noticed a yaktaur captain
   626 | D        | Learned a level 3 spell: Confuse
   762 | D        | Reached ***** piety under Dithmenos
   843 | D        | Killed a yaktaur captain
   863 | D        | Reached skill level 5 in Hexes
  1016 | D        | Killed a yaktaur captain
  1048 | D        | Succumbed to poison (dark miasma)

Skill      XL: |  1  2  3  4  5  6  7  8  9 10 |
---------------+-------------------------------+-----
Fighting       | 2 3 5 6 7 8 9 |  9.5
Short Blades   | 5 6 7 10 11 13 14 16 | 16.4
Stealth        | 7 8 11 12 13 15 16 | 16.8
Dodging        | 4 8 9 11 13 | 13.8
Spellcasting   | 4 6 8 9 11 12 | 12.5
Hexes          | 5 |  5.8

Action                   |  1- 3 |  4- 6 |  7- 9 | 10-12 || total
-------------------------+-------+-------+-------+-------++-------
Melee: Dagger            |    21 |     3 |    14 |     4 ||    42
 Cast: Ensorcelled Hiber |     2 |       |       |       ||     2
       Confuse           |       |       |       |    13 ||    13
       Dazzling Spray    |       |       |       |     2 ||     2
Invok: Shadow Step       |       |       |     1 |       ||     1
  Use: Potion            |       |     4 |       |     1 ||     5
       Scroll            |       |       |       |     1 ||     1
 Stab: Sleeping          |     3 |     3 |    14 |     1 ||    21
       Invisible         |       |       |       |     2 ||     2
Armor: Robe              |     2 |       |       |       ||     2
Dodge: Dodged            |    11 |     1 |       |    11 ||    23
